 Dungeon Crawl Stone Soup version 0.29.0 (webtiles) character file.

Game seed: 96062358841568957

414 XZede the Sneak (level 6, 0/32 HPs)
             Began as a Vampire Necromancer on Sept 1, 2022.
             Slain by an orc wizard
             ... wielding a +0 dagger
              (1 damage)
             ... on level 4 of the Dungeon.
             The game lasted 00:21:26 (3036 turns).

XZede the Sneak (Vampire Necromancer)               Turns: 3036, Time: 00:21:26

Health: 0/32       AC:  2    Str:  7    XL:     6   Next: 60%
Magic:  16/19      EV: 14    Int: 18    God:
Gold:   106        SH:  0    Dex: 16    Spells: 10/11 levels left

rFire   . . .      SeeInvis +   g - +10 rapier of Bloodstone {protect, rN+}
rCold   + + +      Faith    +   (no shield)
rNeg    + + +      Spirit   .   a - +0 robe
rPois   ∞          Reflect  .   (helmet restricted)
rElec   .          Harm     .   (no cloak)
rCorr   .          Rampage  .   (no gloves)
Will    .....                   (no boots)
Stlth   +++++.....              f - amulet of faith
HPRegen 0.00/turn               e - ring of magical power
MPRegen 0.16/turn               c - ring of wizardry

@: bloodless, inhibited regen
A: bloodless, fangs 3, see invisible, vampiric 2, horns 1, cold resistance 1,
wild magic 1, evolution 1
a: Bat Form, Revivify


You were on level 4 of the Dungeon.
You visited 1 branch of the dungeon, and saw 4 of its levels.

You collected 106 gold pieces.

Inventory:

Hand Weapons
 g - the +10 rapier of Bloodstone (weapon) {protect, rN+}
   (You found it on level 3 of the Dungeon)

   It grants its wielder temporary protection when it strikes (+7 to AC).
   rN:        It protects you from negative energy.
Armour
 a - a +0 robe (worn)
Jewellery
 c - a ring of wizardry (right hand)
 e - a ring of magical power (left hand)
 f - an amulet of faith (around neck)
Potions
 b - a potion of magic
 d - a potion of curing
 l - 2 potions of mutation


   Skills:
 * Level 1.0 Short Blades
 * Level 5.1 Dodging
 - Level 5.5 Stealth
 + Level 3.2 Spellcasting
 + Level 5.5 Necromancy


You had 10 spell levels left.
You knew the following spells:

 Your Spells              Type           Power      Damage    Failure   Level
a - Necrotise             Necr           100%       1d9       1%          1

Your spell library contained the following spells:

 Spells                   Type           Power      Damage    Failure   Level
 Vampiric Draining        Necr           29%        2d8       3%          3
 Animate Dead             Necr           29%        N/A       9%          4
 Agony                    Necr           29%        N/A       22%         5
 Freezing Cloud           Conj/Ice/Air   1%         6-21      88%         5
 Simulacrum               Ice/Necr       8%         N/A       97%         6
 Polar Vortex             Ice            1%         N/A       100%        9


Dungeon Overview and Level Annotations

Branches:
Dungeon (4/15)
 Temple: D:4-7

Altars:
Okawaru

Shops:
D:3 (

Portals:
Abyss: D:3


Innate Abilities, Weirdness & Mutations

You do not regenerate when monsters are visible.
You are frail without blood (-20% HP).
You can heal yourself when you bite living creatures.
You are immune to poison.
You have razor-sharp teeth.
You have supernaturally acute eyesight. (SInv)
You are afflicted with vampirism and can become a bat while bloodless.
You have a pair of small horns on your head.
Your flesh is cold resistant. (rC+)
Your spells are a little harder to cast, but a little more powerful.
You have hidden genetic potential.


Message History

The orc writhes in agony!
You kill the orc!
The dead are walking!
Your Short Blades skill increases to level 1!
Casting: Necrotise (safe; 1% risk of failure)
Confirm with . or Enter, or press ? or * to list all spells.
Aiming: Necrotise (safe; 1% risk of failure)
Press: ? - help, Shift-Dir - straight line, f - orc
Aim: an orc, wielding a +0 hand axe (chance to affect: 91%)
The orc writhes in agony.
The orc priest calls down the wrath of Beogh upon you.
Beogh smites you!
* * * LOW HITPOINT WARNING * * *
You feel extremely strange.
You feel a hidden potential growing inside you.
You feel less in control of your magic.
You feel resistant to cold. A pair of horns grows on your head!
The orc barely misses you.
The orc wizard points at you and mumbles some strange words.
You resist with some effort.
You puncture the orc!
Your weapon exudes an aura of protection.
You kill the orc!
The orc wizard barely misses you.
The orc priest looks encouraged for a moment.
Casting: Necrotise (safe; 1% risk of failure)
Confirm with . or Enter, or press ? or * to list all spells.
Aiming: Necrotise (safe; 1% risk of failure)
Press: ? - help, Shift-Dir - straight line, f - orc wizard
Aim: an orc wizard, wielding a +0 dagger and wearing a +0 robe (chance to affect: 83%)
The orc wizard writhes in agony!
Your orc skeleton hits the orc priest.
The orc wizard misses you.
Casting: Necrotise (safe; 1% risk of failure)
Confirm with . or Enter, or press ? or * to list all spells.
Aiming: Necrotise (safe; 1% risk of failure)
Press: ? - help, Shift-Dir - straight line, f - orc priest, p - orc wizard
Aim: an orc priest, wielding a +0 club (lightly wounded, ally target, chance to affect: 83%)
The orc wizard writhes in agony.
The orc wizard hits you with a +0 dagger.
You die...

................#
.................##
#.................#
.................#
..........<.....#
.##....†.......##
##.........###
##.......##
##@)).### ##oo).#
#..Z.# .#....# .
#..... #. #..... ##
#.... #...


You could see an orc priest (ally target), an orc wizard and a friendly orc
skeleton.

Vanquished Creatures
  Sigmund (D:2)
  The ghost of cpf86 the Shield-Bearer, an amateur VSFi (D:3)
  A necrophage (D:4)
  A gnoll (D:3)
  2 adders
  A shadow imp (D:3)
  A white imp (D:3)
  An ufetubus (D:3)
  A worm (D:3)
  3 dart slugs
  4 orcs
  3 ball pythons (D:2)
  3 endoplasms
  5 giant cockroaches
  3 goblins
  6 hobgoblins
  6 jackals
  3 kobolds
  2 quokkas
  4 bats
  5 frilled lizards
  4 rats
61 creatures vanquished.

Vanquished Creatures (collateral kills)
  An orc (D:3)
  An endoplasm (D:2)
  2 jackals (D:1)
4 creatures vanquished.

Grand Total: 65 creatures vanquished

Notes
Turn   | Place    | Note
-------+----------+-------------------------------------------
     0 | D:1      | XZede the Vampire Necromancer began the quest for the Orb.
     0 | D:1      | Reached XP level 1. HP: 13/13 MP: 3/3
   328 | D:1      | Reached XP level 2. HP: 19/19 MP: 5/5
  1456 | D:2      | Found an iron altar of Okawaru.
  1457 | D:2      | Noticed Sigmund
  1474 | D:2      | Gained mutation: You are afflicted with vampirism and can
                  | become a bat while bloodless. [Vampire growth]
  1474 | D:2      | Reached XP level 3. HP: 23/24 MP: 6/6
  1480 | D:2      | Killed Sigmund
  1481 | D:2      | Reached skill level 5 in Necromancy
  1481 | D:2      | Reached XP level 4. HP: 30/30 MP: 4/8
  1481 | D:2      | Reached XP level 5. HP: 35/35 MP: 4/9
  1818 | D:2      | Found a faded altar of an unknown god.
  2138 | D:3      | Reached skill level 5 in Stealth
  2241 | D:3      | Found a transporter.
  2350 | D:3      | Found Tyimuyde's Antique Weapon Shoppe.
  2446 | D:3      | Found a transporter.
  2447 | D:3      | Found a one-way gate to the infinite horrors of the Abyss.
  2447 | D:3      | Noticed cpf86's ghost (amateur VSFi)
  2829 | D:3      | Reached XP level 6. HP: 35/41 MP: 10/10
  2839 | D:3      | Killed cpf86's ghost
  2936 | D:3      | Identified the +10 rapier of Bloodstone {protect, rN+}
  3026 | D:4      | Reached skill level 5 in Dodging
  3032 | D:4      | Reached skill level 1 in Short Blades
  3032 | D:4      | HP: 1/32 [orc priest/divine providence (14)]
  3033 | D:4      | Gained mutation: You have hidden genetic potential. [potion
                  | of mutation]
  3033 | D:4      | Gained mutation: Your spells are a little harder to cast,
                  | but a little more powerful. [potion of mutation]
  3033 | D:4      | Gained mutation: Your flesh is cold resistant. (rC+)
                  | [potion of mutation]
  3033 | D:4      | Gained mutation: You have a pair of small horns on your
                  | head. [potion of mutation]
  3036 | D:4      | Slain by an orc wizard

Illustrated notes

Levels and vault maps discovered:
D:1:      saegor_arrival_simple_e, layout_basic, minmay_liquid_box
D:2:      layout_basic, basic_altar, chequers_ecumenical_altar_twisty,
          uniq_sigmund
D:3:      layout_basic, gammafunk_ghost_abyssal_escape, serial_shops,
          nicolae_shop_overgrown_old_shop
D:4:      layout_cave_pods, gup_sewer_entry_bowl

Skill      XL: |  1  2  3  4  5  6 |
---------------+-------------------+-----
Dodging        | 3 4 5 |  5.1
Stealth        | 4 5 |  5.5
Necromancy     | 5 |  5.5
Spellcasting   | 3 |  3.2
Short Blades   | 1 |  1.0

Action                   |  1- 3 |  4- 6 || total
-------------------------+-------+-------++-------
Melee: Halberd           |       |    27 ||    27
       Bite              |       |     5 ||     5
       Rapier            |       |     5 ||     5
 Cast: Necrotise         |    55 |    66 ||   121
 Abil: Exsanguinate      |       |     1 ||     1
  Use: Scroll            |     2 |     6 ||     8
       Potion            |       |     8 ||     8
Armor: Robe              |     5 |    10 ||    15
Dodge: Dodged            |    13 |    71 ||    84
